 Dungeon Crawl Stone Soup version 0.25-a0-547-g27a0b5d (webtiles) character file.

Game seed: 12514812449769000312, levelgen mode: deterministic

10525 b5mith the Warrior (level 11, 0/124 HPs)
             Began as a Minotaur Berserker on Feb 22, 2020.
             Was an Elder of Trog.
             Slain by a two-headed ogre
             ... wielding a cursed -1 giant club
              (19 damage)
             ... on level 11 of the Dungeon.
             The game lasted 00:33:57 (9366 turns).

b5mith the Warrior (Minotaur Berserker)             Turns: 9366, Time: 00:33:57

Health: 0/124      AC: 14    Str: 30    XL:     11   Next: 37%
Magic:  10/10      EV: 11    Int: 10    God:    Trog [****..]
Gold:   566        SH:  0    Dex: 19    Spells: 10/10 levels left

rFire    . . .     SeeInvis .   S - +10 whip of the Priest {vorpal, Str+4 Int+6}
rCold    . . .     Gourm    .   (no shield)
rNeg     . . .     Faith    .   l - +4 scale mail {rPois}
rPois    +         Spirit   .   (helmet restricted)
rElec    .         Reflect  .   j - +0 cloak
rCorr    .         Harm     .   R - +2 pair of gloves
MR       .....                  (no boots)
Stlth    ..........             Q - amulet of the acrobat
HPRegen  0.30/turn              o - +4 ring of dexterity
MPRegen  0.12/turn              x - +6 ring of dexterity

@: lightly drained
A: retaliatory headbutt, horns 2
a: Berserk, Trog's Hand, Brothers in Arms, Renounce Religion


You were on level 11 of the Dungeon.
You worshipped Trog.
Trog was greatly pleased with you.
You were not hungry.

You visited 1 branch of the dungeon, and saw 11 of its levels.
You also visited: Sewer.

You collected 566 gold pieces.

Inventory:

Hand Weapons
 a - a +0 mace
 k - a +0 morningstar
   (You took it off Terence on level 2 of the Dungeon)
 w - a +2 rapier of draining
   (You took it off Eustachio on level 4 of the Dungeon)
 G - a +2 whip of pain
   (You took it off a big kobold in a sewer)
 L - a +5 great mace
   (You took it off a two-headed ogre on level 7 of the Dungeon)
 O - a +4 vorpal battleaxe
   (Trog gifted it to you on level 7 of the Dungeon)
 P - a +3 mace
   (You found it on level 7 of the Dungeon)
 S - the +10 whip of the Priest (weapon) {vorpal, Str+4 Int+6}
   (You found it on level 7 of the Dungeon)

   It inflicts extra damage upon your enemies.
   It affects your strength (+4).
   It affects your intelligence (+6).
Armour
 b - a +0 animal skin
 f - a +0 scale mail
   (You found it on level 1 of the Dungeon)
 j - a +0 cloak (worn)
   (You found it on level 1 of the Dungeon)
 l - a +4 scale mail of poison resistance (worn)
   (You took it off Terence on level 2 of the Dungeon)
 B - a +0 ring mail of fire resistance
   (You found it on level 5 of the Dungeon)
 D - a +0 chain mail of cold resistance
   (You found it on level 5 of the Dungeon)
 R - a +2 pair of gloves (worn)
   (You found it on level 7 of the Dungeon)
Jewellery
 o - a +4 ring of dexterity (left hand)
   (You found it on level 2 of the Dungeon)
 u - an uncursed ring of protection from fire
   (You found it on level 4 of the Dungeon)
 x - a +6 ring of dexterity (right hand)
   (You found it on level 4 of the Dungeon)
 C - an uncursed amulet of faith
   (You found it on level 5 of the Dungeon)
 E - an uncursed amulet of faith
   (You found it on level 5 of the Dungeon)
 Q - an amulet of the acrobat (around neck)
   (You found it on level 7 of the Dungeon)
Wands
 r - a wand of polymorph (1)
   (You took it off Ijyb on level 4 of the Dungeon)
 A - a wand of enslavement (8)
   (You found it on level 5 of the Dungeon)
 I - a wand of disintegration (17)
   (You found it on level 6 of the Dungeon)
 K - a wand of clouds (9)
   (You found it on level 6 of the Dungeon)
 T - a wand of random effects (31)
   (You found it on level 7 of the Dungeon)
Scrolls
 d - 8 scrolls of remove curse {@r2}
 h - 9 scrolls of identify {@r1}
 i - 3 scrolls of magic mapping
 m - a scroll of noise {unknown}
 n - a scroll of blinking {unknown}
 q - 5 scrolls of teleportation
 t - a scroll of fog {unknown}
 y - a scroll of brand weapon {unknown}
 F - a scroll of fear {unknown}
 J - a scroll of vulnerability {unknown}
 M - a scroll of amnesia {unknown}
 N - a scroll of enchant armour {unknown}
 V - 4 scrolls of enchant weapon
 X - a scroll of immolation {unknown}
Potions
 e - a potion of cancellation {unknown}
 g - a potion of brilliance
 p - a potion of stabbing
 s - 2 potions of curing {@q1}
 v - a potion of mutation {unknown}
 z - a potion of ambrosia {unknown}
 H - 3 potions of might
 U - a potion of lignification {unknown}
Comestibles
 c - 24 rations


   Skills:
 + Level 19.6(19.3) Fighting
 - Level 3.6(3.3) Maces & Flails
 - Level 2.4(2.1) Armour
 - Level 2.1(1.9) Dodging


You had 10 spell levels left.
You didn't know any spells.
Your spell library was empty.

Dungeon Overview and Level Annotations

Branches:
Dungeon (11/15)            Temple (0/1) D:7            Lair (0/6) D:10
  Sewer (visited)
    Orc: D:9-12

Altars:
Ashenzari
Cheibriados
Nemelex Xobeh
Qazlal
Ru
Vehumet
Xom
The Shining One

Shops:
D:4 [   D:10 %

Annotations:
D:9 2 runed translucent doors, exclusion: orange crystal statue


Innate Abilities, Weirdness & Mutations

You reflexively headbutt those who attack you in melee.
You have a pair of horns on your head.


Message History

You whack the acid dragon! You headbutt the acid dragon!
The acid dragon is severely wounded.
The acid dragon closely misses you. The acid dragon claws you.
You hit the acid dragon. You headbutt the acid dragon.
You kill the acid dragon!
Trog accepts your kill.
You closely miss the centaur. You headbutt the centaur!
The centaur is heavily wounded.
The centaur hits you.
A wight comes into view. It is wielding a +2 spear.
The centaur misses you.
You whack the centaur! You headbutt the centaur.
You kill the centaur!
Trog accepts your kill.
The wight hits you from afar with a +2 spear.
You feel drained. The wight misses you.
You whack the wight!
The wight is heavily damaged.
The wight hits you but does no damage.
You whack the wight! You headbutt the wight.
You destroy the wight!
Trog accepts your kill.
Things that are here:
a +2 spear; a +0 robe You are no longer corroded.
Things that are here:
a +0 shortbow; 17 arrows A two-headed ogre and a wight come into view.
Found a knobbly smoking staff.
You thrash the two-headed ogre!! You headbutt the two-headed ogre!
The two-headed ogre is heavily wounded.
The two-headed ogre hits you with a cursed -1 giant club!
* * * LOW HITPOINT WARNING * * *
The two-headed ogre hits you with a +0 giant club!
* * * LOW HITPOINT WARNING * * *
You are too injured to fight recklessly!
You whack the two-headed ogre!
Your headbutt misses the two-headed ogre.
The two-headed ogre is almost dead.
The two-headed ogre hits you with a cursed -1 giant club!!
* * * LOW HITPOINT WARNING * * *
The two-headed ogre hits you with a +0 giant club.
* * * LOW HITPOINT WARNING * * *
You whack the two-headed ogre!
The two-headed ogre is almost dead.
The two-headed ogre hits you with a cursed -1 giant club.
* * * LOW HITPOINT WARNING * * *
The two-headed ogre hits you with a +0 giant club!!
You die...

#......# #......#
.+######......######.
....................
#..................
#.......###'####..
#.......#......#
#.......#......#
#..)..@.#......#
#.###O#)#......# #
..z#.#[.....#
.....#.#......#
.......#.#...<..#
##.....#.#.....##
.....|.#.#.....#
#.#....#.####### #..


You could see a two-headed ogre and a wight.

Vanquished Creatures
  A two-headed ogre (D:7)
  An unseen horror (D:9)
  The ghost of thesequoiad the Magician, a novice OpWz of Okawaru (D:7)
  2 trolls
  A hornet (D:10)
  2 yaks (D:10)
  Eustachio (D:4)
  A wyvern (D:11)
  A hungry ghost (D:10)
  Grum (D:9)
  4 hogs (D:7)
  A human (D:7)
  Menkaure (D:4)
  An acid dragon (D:11)
  5 porcupines (D:10)
  A black bear (D:10)
  4 ice beasts
  2 orc warriors (D:8)
  3 sky beasts
  2 necrophages
  A hornet zombie (D:7)
  A phantom (D:3)
  4 wolves (D:9)
  8 ogres
  3 centaurs
  5 big kobolds (Sewer)
  6 bullfrogs
  5 scorpions
  A wight (D:11)
  9 killer bees (D:10)
  2 howler monkeys
  2 crimson imps
  A bullfrog zombie (D:8)
  6 hounds
  A jelly (D:10)
  9 orc wizards
  8 orc priests
  2 bullfrog skeletons
  3 iguanas
  Ijyb (D:4)
  Terence (D:2)
  Natasha (D:2)
  2 centaur skeletons (D:10)
  6 worker ants
  2 hound skeletons
  Robin (D:2)
  2 worker ant zombies
  A howler monkey skeleton (D:7)
  18 adders
  3 river rats (Sewer)
  3 shadow imps
  6 oozes
  2 adder skeletons
  An adder zombie (D:9)
  2 worms
  7 leopard geckos
  29 orcs
  2 giant cockroaches
  12 goblins
  10 hobgoblins
  12 jackals
  3 quokkas
  7 ball pythons
  6 bats
  2 frilled lizards
  20 kobolds
  A leopard gecko skeleton (D:7)
  A quokka skeleton (D:6)
  9 rats
  3 fungi (D:10)
289 creatures vanquished.

Vanquished Creatures (others)
  5 dream sheep (D:8)
  3 fungi (D:10)
8 creatures vanquished.

Grand Total: 297 creatures vanquished

Notes
Turn   | Place    | Note
-------+----------+-------------------------------------------
     0 | D:1      | b5mith the Minotaur Berserker began the quest for the Orb.
     0 | D:1      | Reached XP level 1. HP: 19/19 MP: 0/0
   142 | D:1      | Reached skill level 4 in Fighting
   306 | D:1      | Reached XP level 2. HP: 28/28 MP: 1/1
   708 | D:2      | Noticed Terence
   722 | D:2      | Killed Terence
   722 | D:2      | Reached skill level 5 in Fighting
   722 | D:2      | Reached XP level 3. HP: 30/36 MP: 2/2
   845 | D:2      | Noticed Robin
   851 | D:2      | Killed Robin
   853 | D:2      | Reached ** piety under Trog
   853 | D:2      | Reached skill level 6 in Fighting
   853 | D:2      | Reached XP level 4. HP: 27/44 MP: 3/3
  1094 | D:2      | Noticed Natasha
  1104 | D:2      | Killed Natasha
  1544 | D:3      | Reached XP level 5. HP: 51/51 MP: 4/4
  1692 | D:3      | Reached skill level 7 in Fighting
  1772 | D:3      | Noticed a phantom
  1793 | D:3      | Killed a phantom
  1793 | D:3      | Reached skill level 8 in Fighting
  2084 | D:3      | Reached XP level 6. HP: 58/61 MP: 5/5
  2127 | D:3      | Reached *** piety under Trog
  2419 | D:4      | Reached skill level 9 in Fighting
  2432 | D:4      | Noticed Eustachio
  2454 | D:4      | Killed Eustachio
  2454 | D:4      | Reached XP level 7. HP: 69/71 MP: 6/6
  2660 | D:4      | Noticed Ijyb
  2684 | D:4      | Killed Ijyb
  2738 | D:4      | Noticed Menkaure
  2743 | D:4      | Killed Menkaure
  2743 | D:4      | Reached skill level 10 in Fighting
  2759 | D:4      | Found Kotoji's Armour Emporium.
  2954 | D:5      | Entered Level 5 of the Dungeon
  3093 | D:5      | Found a shattered altar of Ashenzari.
  3121 | D:5      | Reached skill level 11 in Fighting
  3122 | D:5      | Found a sparkling altar of Nemelex Xobeh.
  3185 | D:5      | Reached XP level 8. HP: 33/82 MP: 7/7
  3568 | D:5      | Found a radiant altar of Vehumet.
  3817 | D:6      | Found a glowing drain.
  3832 | D:6      | Reached skill level 12 in Fighting
  3854 | Sewer    | Entered a sewer
  3880 | Sewer    | Reached **** piety under Trog
  4232 | Sewer    | Reached skill level 13 in Fighting
  4827 | D:6      | Found a stormy altar of Qazlal.
  5454 | D:6      | Reached XP level 9. HP: 89/94 MP: 8/8
  5624 | D:7      | Reached skill level 14 in Fighting
  5653 | D:7      | Reached ***** piety under Trog
  5653 | D:7      | Received a gift from Trog
  5703 | D:7      | Found a staircase to the Ecumenical Temple.
  5829 | D:7      | Got a polished whip
  5830 | D:7      | Identified the +10 whip of the Priest {vorpal, Str+4 Int+6}
                  | (You found it on level 7 of the Dungeon)
  5916 | D:7      | Found a snail-covered altar of Cheibriados.
  5952 | D:7      | Noticed a two-headed ogre
  5952 | D:7      | Noticed thesequoiad's ghost (novice OpWz)
  5960 | D:7      | Found a transporter.
  5970 | D:7      | Found a transporter.
  5982 | D:7      | Killed a two-headed ogre
  5982 | D:7      | Reached skill level 15 in Fighting
  6017 | D:7      | Killed thesequoiad's ghost
  6017 | D:7      | Reached skill level 16 in Fighting
  6594 | D:7      | Reached XP level 10. HP: 106/108 MP: 9/9
  6777 | D:7      | Found a glowing golden altar of the Shining One.
  6887 | D:8      | Reached skill level 17 in Fighting
  7052 | D:8      | Found a shimmering altar of Xom.
  7317 | D:8      | Found a sacrificial altar of Ru.
  7597 | D:9      | Noticed Grum
  7611 | D:9      | Killed Grum
  7663 | D:9      | Reached skill level 18 in Fighting
  7854 | D:9      | Killed an unseen horror
  8349 | D:9      | Found a runed translucent door.
  8354 | D:9      | Found the +10 tower shield of Ignorance {rN+ Int-4}
  8368 | D:9      | Found a runed translucent door.
  8369 | D:9      | Noticed an orange crystal statue
  8559 | D:10     | Entered Level 10 of the Dungeon
  8823 | D:10     | Reached XP level 11. HP: 109/121 MP: 10/10
  9020 | D:10     | Found Goluops's Food Boutique.
  9049 | D:10     | Reached skill level 19 in Fighting
  9063 | D:10     | Found a staircase to the Lair.
  9216 | D:10     | Found a sparkling altar of Nemelex Xobeh.
  9363 | D:11     | Noticed a two-headed ogre
  9366 | D:11     | Slain by a two-headed ogre

Levels and vault maps discovered:
D:1:      lightli_arrival_windingriver, layout_basic, serial_glass,
          glass_columns_b, glass_columns_c, glass_columns_c, glass_columns_a,
          glass_columns_a, glass_columns_b, glass_columns_a, glass_columns_a,
          glass_columns_a, glass_columns_a, glass_columns_c, glass_columns_a,
          glass_columns_c, glass_columns_a, minmay_heptomino_h4
D:2:      layout_basic, kennysheep_crisscross, uniq_terence, uniq_natasha,
          uniq_robin
D:3:      layout_loops_corners, first_ration
D:4:      layout_basic, serial_shops, shop_fountains, uniq_menkaure,
          uniq_eustachio, uniq_ijyb
D:5:      layout_cave_pools, evilmike_ruin_ashenzari,
          nemelex_xobeh_ov_fountains_minmay, kennysheep_little_box,
          grunt_tough_drop
D:6:      layout_layer_cave, grunt_qazlal_clouds, cheibrodos_sewer_entry_drain,
          grunt_ministairs_5, roderic_roman_lattice, minmay_crystal_room,
          minmay_increasing_density
D:7:      layout_loops_ring, lemuel_coloured_pillars_altar,
          nicolae_overflow_hidden_temple, minmay_temple_entry_nine_rooms,
          gammafunk_ghost_smash, grunt_livestock
D:8:      layout_loops_ring, nicolae_ru_path_of_blood, kb_xom_exploding_sheep
D:9:      layout_gridville, chequers_guarded_unrand_ignorance, uniq_grum
D:10:     layout_roguey, due_lair_maze_entry_diamond, basic_altar,
          kennysheep_small_square
D:11:     layout_irregular_city, minivault_5, minmay_microvault

Skill      XL: |  1  2  3  4  5  6  7  8  9 10 11 |
---------------+----------------------------------+-----
Fighting       | 4 5 6 8 9 11 13 16 18 19 | 19.6
Maces & Flails | |  3.6
Armour         | |  2.4
Dodging        | |  2.1

Action                   |  1- 3 |  4- 6 |  7- 9 | 10-12 || total
-------------------------+-------+-------+-------+-------++-------
Melee: Mace              |    33 |       |       |       ||    33
       Headbutt          |    13 |    20 |    55 |    89 ||   177
       Morningstar       |    36 |   110 |       |       ||   146
       Rapier            |       |       |   193 |       ||   193
       Unarmed           |       |       |    20 |       ||    20
       Whip              |       |       |    29 |   252 ||   281
       Battleaxe         |       |       |     7 |       ||     7
Invok: Berserk           |       |       |     1 |       ||     1
  Use: Scroll            |       |     2 |     1 |     3 ||     6
       Potion            |       |       |     2 |     7 ||     9
 Stab: Sleeping          |       |       |       |     1 ||     1
  Eat: Chunk             |       |     5 |     6 |     4 ||    15
       Ration            |       |       |     3 |     1 ||     4
Armor: Animal skin       |     1 |       |       |       ||     1
       Scale mail        |    32 |    71 |    96 |   106 ||   305
Dodge: Dodged            |    42 |    81 |   145 |   162 ||   430

Table legend:
 A = Non-vault XP
 B = Vault XP
 C = Vault XP percentage of total XP
 D = Non-vault monster count
 E = Vault monster count
 F = Vault count percentage of total count
                 A         B        C        D         E       F
            +---------+---------+-------+---------+---------+-------
      Total |    8235 |    6802 |  45.2 |     203 |      84 |  29.3
            +---------+---------+-------+---------+---------+-------
        D:1 |      14 |       4 |  22.2 |       9 |       3 |  25.0
        D:2 |      71 |     103 |  59.2 |      26 |      12 |  31.6
        D:3 |     209 |       0 |   0.0 |      21 |       0 |   0.0
        D:4 |     179 |     410 |  69.6 |      11 |       3 |  21.4
        D:5 |     363 |     161 |  30.7 |      12 |       2 |  14.3
        D:6 |     472 |     331 |  41.2 |      21 |       7 |  25.0
        D:7 |     618 |    2944 |  82.7 |      16 |      10 |  38.5
        D:8 |    1650 |       0 |   0.0 |      41 |       0 |   0.0
        D:9 |    1201 |     672 |  35.9 |      14 |       5 |  26.3
       D:10 |    2623 |    1542 |  37.0 |      27 |      14 |  34.1
       D:11 |     835 |       0 |   0.0 |       5 |       0 |   0.0
      Sewer |       0 |     635 | 100.0 |       0 |      28 | 100.0
            +---------+---------+-------+---------+---------+-------
